 Dungeon Crawl Stone Soup version 0.20-a0-526-g753eaab (webtiles) character file.

706 mopl the Carver (level 7, -2/52 HPs)
             Began as a Barachian Fighter on Jan 26, 2017.
             Slain by Duvessa
             ... wielding a +2 rapier of venom
              (9 damage)
             ... on level 4 of the Dungeon.
             The game lasted 00:05:17 (3268 turns).

mopl the Carver (Barachian Fighter)                 Turns: 3268, Time: 00:05:19

Health: -2/52      AC: 10    Str: 15    XL:     7   Next: 67%
Magic:  7/7        EV:  6    Int:  8    God:
Gold:   108        SH:  8    Dex: 12    Spells: 6/6 levels left

rFire    . . .     SeeInvis .   e - +2 dagger (venom)
rCold    . . .     Gourm    .   b - +0 scale mail
rNeg     . . .     Faith    .   c - +0 shield
rPois    .         Spirit   .   (no helmet)
rElec    .         Reflect  .   h - +2 cloak
rCorr    .         Harm     .   (no gloves)
MR       .....                  (no boots)
Stlth    +.........             (no amulet)
Regen    0.2/turn               s - ring of stealth
                                n - +2 ring of dexterity

@: lethally poisoned (-2 -> -45), can't hop, flying, slow
A: swims, slowness 1, strong legs 1
a: Hop


You were on level 4 of the Dungeon.
You were not hungry.

You visited 1 branch of the dungeon, and saw 4 of its levels.

You collected 108 gold pieces.

Inventory:

Hand Weapons
 a - a +0 long sword
 e - a +2 dagger of venom (weapon)
 g - a +2 dagger of electrocution
 z - a +0 scimitar
Armour
 b - a +0 scale mail (worn)
 c - a +0 shield (worn)
 h - a +2 cloak (worn)
Jewellery
 n - a +2 ring of dexterity (left hand)
 s - a ring of stealth (right hand)
Scrolls
 j - a scroll of noise {unknown}
 k - 3 scrolls of remove curse {unknown}
 l - a scroll of enchant weapon {unknown}
 q - a scroll of enchant armour {unknown}
 r - 4 scrolls of identify {unknown}
 u - a scroll of teleportation {unknown}
 v - a scroll of immolation {unknown}
 w - a scroll of fear {unknown}
 y - a scroll of amnesia {unknown}
Potions
 d - a potion of flight
 i - 2 potions of haste {unknown}
 m - a potion of magic {unknown}
 o - a potion of heal wounds {unknown}
 p - 2 potions of curing {unknown}
Comestibles
 f - 4 bread rations
 t - 3 chunks of flesh
 x - a meat ration


   Skills:
 - Level 3.2 Fighting
 + Level 9.2 Long Blades
 - Level 3.2 Armour
 - Level 3.0 Shields


You had 6 spell levels left.
You didn't know any spells.

Dungeon Overview and Level Annotations

Branches:
Dungeon (4/15)
 Temple: D:4-7

Altars:

Annotations:
D:4 Duvessa


Innate Abilities, Weirdness & Mutations

You can swim through water.
You cover ground slowly.
You can hop short distances.


Message History

You feel sick.
Duvessa hits you with a rapier of venom.
You are more poisoned.
You closely miss Duvessa.
Duvessa is lightly wounded.
* * * LOW HITPOINT WARNING * * *
You feel very sick. Duvessa hits you but does no damage.
You hit Duvessa.
Duvessa looks as sick as possible!
Duvessa is moderately wounded.
* * * LOW HITPOINT WARNING * * *
You feel sick. Duvessa hits you but does no damage.
You are more poisoned.
It was a potion of flight.
You feel very buoyant.
You fly up into the air.
* * * LOW HITPOINT WARNING * * *
You feel very sick.
Duvessa hits you with a rapier of venom!
You die...

........................#
........................#
........................#
........................#
........................#
........................#
'#######'###......<.....#
...........#............#
...........#....@.......#
...........#...e........#
......###..#............## #
......###..##.....####...#...
..........).'.....#..........#
..........<.#.....#.....#....#
............#.....#.....#....#
#+#######'###.....#.....# ...#
........... .....##.....##...#


You could see Duvessa (berserk).

Vanquished Creatures
  Sigmund (D:2)
  The ghost of azzavlup the Poker, an amateur DsAK of Lugonu (D:3)
  The ghost of Vidiiot the Cudgeler, an amateur BaWn (D:4)
  Blork the orc (D:4)
  Dowan (D:4)
  An orc priest (D:3)
  Natasha (D:2)
  A worker ant (D:4)
  6 adders
  An ooze (D:2)
  A worm (D:2)
  4 dart slugs
  3 leopard geckos
  7 orcs (D:3)
  A ball python (D:1)
  4 giant cockroaches
  10 goblins
  3 hobgoblins (D:2)
  5 kobolds
  4 quokkas
  5 bats
  9 frilled lizards
  4 rats
75 creatures vanquished.

Notes
Turn   | Place    | Note
-------+----------+-------------------------------------------
     0 | D:1      | mopl the Barachian Fighter began the quest for the Orb.
     0 | D:1      | Reached XP level 1. HP: 18/18 MP: 1/1
    71 | D:1      | Reached skill level 3 in Long Blades
    71 | D:1      | Reached XP level 2. HP: 24/24 MP: 2/2
   679 | D:1      | Reached XP level 3. HP: 29/29 MP: 3/3
   708 | D:2      | Noticed Sigmund
   805 | D:2      | Killed Sigmund
   805 | D:2      | Reached skill level 6 in Long Blades
   805 | D:2      | Reached XP level 4. HP: 28/35 MP: 4/4
   805 | D:2      | Reached XP level 5. HP: 33/41 MP: 5/5
  1180 | D:2      | Noticed Natasha
  1188 | D:2      | Killed Natasha
  1188 | D:2      | Reached XP level 6. HP: 31/47 MP: 6/6
  1894 | D:3      | Reached skill level 7 in Long Blades
  1905 | D:3      | Noticed azzavlup's ghost (amateur DsAK)
  1924 | D:3      | Killed azzavlup's ghost
  2303 | D:4      | Noticed Vidiiot's ghost (amateur BaWn)
  2313 | D:4      | Killed Vidiiot's ghost
  2313 | D:4      | Reached skill level 8 in Long Blades
  2313 | D:4      | Reached XP level 7. HP: 50/52 MP: 7/7
  2317 | D:4      | Noticed Duvessa
  2318 | D:4      | Noticed Dowan
  3089 | D:4      | Noticed Blork the orc
  3103 | D:4      | Killed Blork the orc
  3176 | D:4      | Killed Dowan
  3176 | D:4      | Reached skill level 9 in Long Blades
  3268 | D:4      | Slain by Duvessa

Vault maps used:
D:1:      lightli_arrival_chessboard
D:2:      uniq_natasha, uniq_sigmund
D:3:      minmay_misc_feat_ornament
D:4:      first_bread, uniq_duvessa, uniq_menkaure, uniq_blork_the_orc,
          uniq_grinder

Skill      XL: |  1  2  3  4  5  6  7 |
---------------+----------------------+-----
Long Blades    | 3 6 8 9 |  9.2
Fighting       | |  3.2
Armour         | |  3.2
Shields        | |  3.0

Action                   |  1- 3 |  4- 6 |  7- 9 || total
-------------------------+-------+-------+-------++-------
Melee: Dagger            |    37 |   148 |    95 ||   280
       Long sword        |     2 |       |       ||     2
 Abil: Hop               |       |       |     1 ||     1
  Use: Potion            |     1 |       |     1 ||     2
  Eat: Chunk             |       |     6 |     3 ||     9
Armor: Scale mail        |     9 |    64 |    34 ||   107
Dodge: Dodged            |     5 |    22 |    16 ||    43
Block: Shield            |    11 |    47 |    37 ||    95
